 Dungeon Crawl Stone Soup version 0.22.2-1-ge965b3aba3 (webtiles) character file.

2562 Freitmort the Thaumaturge (level 9, -5/47 HPs)
             Began as a Deep Elf Conjurer on Sept 5, 2019.
             Was a Follower of Vehumet.
             Slain by a killer bee (7 damage)
             ... on level 7 of the Dungeon on Sept 10, 2019.
             The game lasted 00:44:30 (8786 turns).

Freitmort the Thaumaturge (Deep Elf Conjurer)       Turns: 8786, Time: 00:44:34

Health: -5/47      AC:  3    Str:  7    XL:     9   Next: 31%
Magic:  24/26      EV: 14    Int: 22    God:    Vehumet [*.....]
Gold:   426        SH:  0    Dex: 15    Spells: 22/30 levels left

rFire    . . .     SeeInvis .   b - +1 rapier (flame)
rCold    . . .     Gourm    .   (no shield)
rNeg     . . .     Faith    .   a - +1 robe
rPois    .         Spirit   .   (no helmet)
rElec    .         Reflect  .   (no cloak)
rCorr    .         Harm     .   (no gloves)
MR       .....                  (no boots)
Stlth    +.........             l - amulet of regeneration
HPRegen  0.55/turn              (no ring)
MPRegen  0.20/turn              (no ring)

@: confused, lethally poisoned (-5 -> -7), about to teleport
A: no striking features
a: Renounce Religion


You were on level 7 of the Dungeon.
You worshipped Vehumet.
Vehumet was aware of your devotion.
You were not hungry.

You visited 2 branches of the dungeon, and saw 8 of its levels.

You collected 426 gold pieces.

Inventory:

Hand Weapons
 b - a +1 rapier of flaming (weapon)
Armour
 a - a +1 robe (worn)
Jewellery
 d - a +5 ring of strength {unknown}
 l - an amulet of regeneration (around neck)
Wands
 j - a wand of digging (13)
Scrolls
 e - 2 scrolls of teleportation
 h - 3 scrolls of remove curse
 i - a scroll of identify
 k - a scroll of fog
Potions
 f - 2 potions of magic
 g - a potion of haste
 n - a potion of resistance
Comestibles
 c - 8 rations


   Skills:
 + Level 1.2 Fighting
 + Level 3.8 Dodging
 + Level 5.6 Stealth
 + Level 11.1 Spellcasting
 + Level 9.0 Conjurations
 * Level 2.1 Earth Magic
 * Level 3.0 Evocations


You had 22 spell levels left.
You knew the following spells:

 Your Spells              Type           Power        Failure   Level  Hunger
a - Magic Dart            Conj           ####         1%          1    None
b - Searing Ray           Conj           ######       1%          2    None
c - Iskenderun's Mystic   Conj           ######..     1%          4    #......
d - Sandblast             Erth           ###...       2%          1    None

Your spell library contained the following spells:

 Spells                   Type           Power        Failure   Level  Hunger
 Shock                    Conj/Air       ####         1%          1    None
 Dazzling Spray           Conj/Hex       ####..       2%          3    None
 Corona                   Hex            ##.....      5%          1    None
 Ensorcelled Hibernation  Hex/Ice        ##....       9%          2    None
 Slow                     Hex            ##......     9%          2    None
 Force Lance              Conj/Tloc      ####....     9%          4    #......
 Fulminant Prism          Conj/Hex       ####......   9%          4    #......
 Confuse                  Hex            ##......     16%         3    None
 Portal Projectile        Hex/Tloc       ##....       16%         3    None
 Spectral Weapon          Hex/Chrm       ##......     16%         3    None
 Tukima's Dance           Hex            ##......     16%         3    None


Dungeon Overview and Level Annotations

Branches:
Dungeon (7/15)             Temple (1/1) D:6

Altars:
Ashenzari
Dithmenos
Elyvilon
Fedhas
Gozag
Hepliaklqana
Kikubaaqudgha
Nemelex Xobeh
Qazlal
Sif Muna
Trog
Uskayaw
Vehumet
Wu Jian
Xom
Yredelemnul
Zin
The Shining One

Shops:
D:5 :   D:7 !

Annotations:
D:5 exclusion: statue


Message History

The killer bee completely misses you. The killer bee stings you.
* * * LOW HITPOINT WARNING * * *
You are more poisoned.
The killer bee poisons you!
The killer bee stings you but does no damage.
The killer bee barely misses you.
Okay, then.
As you read the scroll of teleportation, it crumbles to dust.
You feel strangely unstable.
You feel sick. The killer bee misses you. x2
The killer bee closely misses you. x2; The killer bee completely misses you.
The killer bee stings you.
* * * LOW HITPOINT WARNING * * *
You are confused.
You feel invigorated.
The killer bee stings you but does no damage.
The killer bee barely misses you. The killer bee stings you.
* * * LOW HITPOINT WARNING * * *
The killer bee barely misses you. The killer bee closely misses you.
The killer bee stings you!
You die...

##.....### #.# #......#
####.#
##.....############....#
###
.......)............####
#..
.#....#########.......#
####.. ...#.##
#.#####..... ......
.....# #.# ##### ......
..#############.########
####..
#######........y@y).....
......
........##.....y####....
####..
##########.....y.....# #
#.. # #...######### #..
# #...# ### # #...#
#####


You could see 4 killer bees.

Vanquished Creatures
  A hornet (D:7)
  Eustachio (D:5)
  An ice beast (D:5)
  2 orc warriors
  A sky beast (D:6)
  3 ogres
  2 phantoms
  2 centaurs
  3 bullfrogs
  A wyvern skeleton (D:4)
  A scorpion (D:5)
  A water moccasin skeleton (D:5)
  2 killer bees (D:7)
  A bullfrog zombie (D:5)
  A centaur zombie (D:6)
  2 hounds
  A bullfrog skeleton (D:4)
  4 orc wizards
  3 orc priests (D:7)
  Jessica (D:3)
  An iguana (D:7)
  7 worker ants
  2 hound skeletons
  A worker ant zombie (D:6)
  A howler monkey skeleton (D:2)
  7 adders
  A shadow imp (D:6)
  An ooze (D:1)
  5 worms
  3 dart slugs
  4 leopard geckos
  30 orcs
  8 bats
  A giant cockroach (D:6)
  6 goblins
  9 hobgoblins
  18 jackals
  5 quokkas
  A ball python (D:1)
  4 frilled lizards
  8 kobolds
  A quokka skeleton (D:6)
  9 rats
167 creatures vanquished.

Notes
Turn   | Place    | Note
-------+----------+-------------------------------------------
     0 | D:1      | Freitmort the Deep Elf Conjurer began the quest for the
                  | Orb.
     0 | D:1      | Reached XP level 1. HP: 10/10 MP: 6/6
   291 | D:1      | Reached XP level 2. HP: 15/15 MP: 4/8
   379 | D:1      | Learned a level 2 spell: Searing Ray
   418 | D:1      | Reached skill level 5 in Conjurations
   915 | D:1      | Reached XP level 3. HP: 19/19 MP: 7/9
  1571 | D:2      | Reached XP level 4. HP: 24/24 MP: 5/11
  2074 | D:2      | Learned a level 4 spell: Iskenderun's Mystic Blast
  2235 | D:3      | Reached skill level 4 in Spellcasting
  2598 | D:3      | Reached XP level 5. HP: 28/28 MP: 8/14
  3102 | D:3      | Noticed Jessica
  3106 | D:3      | Killed Jessica
  3106 | D:3      | Reached skill level 5 in Spellcasting
  3311 | D:4      | Found a hide-covered altar of Uskayaw.
  3312 | D:4      | Found a stormy altar of Qazlal.
  3705 | D:4      | Reached XP level 6. HP: 3/32 MP: 8/16
  3890 | D:4      | Reached skill level 6 in Spellcasting
  4331 | D:4      | Identified the Almanac of the Gliding Oath
  4372 | D:4      | Noticed an ice beast
  4393 | D:4      | Reached skill level 7 in Spellcasting
  4411 | D:4      | HP: 2/48 [poisoned by an adder]
  4737 | D:4      | Reached XP level 7. HP: 36/36 MP: 11/19
  5042 | D:5      | Entered Level 5 of the Dungeon
  5042 | D:5      | Found Nokot's Book Boutique.
  5066 | D:5      | Reached skill level 8 in Spellcasting
  5323 | D:5      | Found a stormy altar of Qazlal.
  5402 | D:5      | Found a radiant altar of Vehumet.
  5410 | D:5      | Noticed Eustachio
  5422 | D:5      | Killed Eustachio
  5422 | D:5      | Reached skill level 9 in Spellcasting
  5422 | D:5      | Reached XP level 8. HP: 39/41 MP: 14/23
  5493 | D:5      | Reached skill level 5 in Stealth
  5632 | D:5      | Became a worshipper of Vehumet
  6353 | D:6      | Found a staircase to the Ecumenical Temple.
  6358 | Temple   | Entered the Ecumenical Temple
  6699 | D:6      | Found a sparkling altar of Nemelex Xobeh.
  6838 | D:6      | Reached skill level 10 in Spellcasting
  7373 | D:6      | Reached * piety under Vehumet
  7373 | D:6      | Offered knowledge of Sandblast by Vehumet.
  7393 | D:6      | Learned a level 1 spell: Sandblast
  7542 | D:6      | Found a sparkling altar of Nemelex Xobeh.
  7571 | D:6      | Reached skill level 1 in Earth Magic
  7571 | D:6      | Reached skill level 1 in Evocations
  8079 | D:7      | Found Qenielafal's Distillery.
  8187 | D:7      | Reached XP level 9. HP: 46/46 MP: 20/25
  8360 | D:7      | Reached skill level 1 in Fighting
  8360 | D:7      | Reached skill level 11 in Spellcasting
  8785 | D:7      | HP: 1/47 [killer bee (4)]
  8786 | D:7      | Slain by a killer bee

Skill      XL: |  1  2  3  4  5  6  7  8  9 |
---------------+----------------------------+-----
Conjurations   | 5 6 7 8 9 |  9.0
Spellcasting   | 4 5 7 9 10 11 | 11.1
Stealth        | 3 4 5 |  5.6
Dodging        | 3 |  3.8
Earth Magic    | 1 2 |  2.1
Evocations     | 1 3 |  3.0
Fighting       | 1 |  1.2

Action                   |  1- 3 |  4- 6 |  7- 9 || total
-------------------------+-------+-------+-------++-------
 Cast: Magic Dart        |    68 |    93 |   159 ||   320
       Searing Ray       |     2 |    18 |    33 ||    53
       Iskenderun's Myst |       |       |     6 ||     6
  Use: Scroll            |     4 |     7 |     7 ||    18
       Potion            |       |     2 |     1 ||     3
  Eat: Chunk             |     2 |     6 |    12 ||    20
       Ration            |       |     1 |       ||     1
Armor: Robe              |     2 |     1 |     5 ||     8
Dodge: Dodged            |     3 |    11 |    58 ||    72
